 Dungeon Crawl Stone Soup version 0.29.1-12-g30fa7ad0bf (webtiles) character file.

Game seed: 1327205321296736413

8241 sanboga the Cleaver (level 11, -2/63 HPs)
             Began as a Gargoyle Fighter on Dec 18, 2022.
             Was an Elder of Hepliaklqana.
             Killed from afar by a white imp (10 damage)
             ... with a puff of frost
             ... on level 11 of the Dungeon on Dec 20, 2022.
             The game lasted 00:12:16 (11829 turns).

sanboga the Cleaver (Gargoyle Fighter)             Turns: 11829, Time: 00:12:17

Health: -2/63      AC: 24    Str: 25    XL:     11   Next: 27%
Magic:  11/11      EV:  7    Int:  8    God:    Hepliaklqana [****..]
Gold:   606        SH:  5    Dex:  9    Spells: 10/10 levels left

rFire   + . .      SeeInvis .   a - +1 war axe
rCold   . . .      Faith    .   c - +0 buckler
rNeg    + . .      Spirit   .   H - +1 plate armour {Will+}
rPois   ∞          Reflect  .   h - +0 helmet
rElec   +          Harm     .   t - +0 cloak
rCorr   .          Rampage  .   (no gloves)
Will    ++++.                   j - +1 pair of boots "Zaoxeh" {Will++}
Stlth   ..........              (no amulet)
HPRegen 0.20/turn               d - ring of willpower
MPRegen 0.12/turn               r - ring of protection from fire

@: corroded
A: reduced essence, sickness immunity, AC +8, negative energy resistance 1,
electricity resistance, torment resistance 1, petrification resistance
a: Renounce Religion, Recall Ancestor, Ancestor Identity, Transference, Idealise


You were on level 11 of the Dungeon.
You worshipped Hepliaklqana.
Hepliaklqana was greatly pleased with you.
You visited 1 branch of the dungeon, and saw 11 of its levels.

You collected 606 gold pieces.

Inventory:

Hand Weapons
 a - a +1 war axe (weapon)
Armour
 c - a +0 buckler (worn)
 h - a +0 helmet (worn)
 j - the +1 pair of boots "Zaoxeh" (worn) {Will++}
   (You found it on level 2 of the Dungeon)

   Will:      It greatly increases your willpower.
 t - a +0 cloak (worn)
 H - a +1 plate armour of willpower (worn)
Jewellery
 d - a ring of willpower (left hand)
 r - a ring of protection from fire (right hand)
Wands
 m - a wand of paralysis (6)
 C - a wand of flame (14)
 D - a wand of roots (11)
 J - a wand of mindburst (5)
Scrolls
 b - 3 scrolls of vulnerability {unknown}
 g - 4 scrolls of magic mapping
 i - a scroll of acquirement {unknown}
 k - a scroll of blinking
 l - a scroll of teleportation
 n - a scroll of enchant weapon
 o - 2 scrolls of identify
 q - 2 scrolls of immolation
 s - a scroll of poison
 x - 2 scrolls of fear
Potions
 e - 2 potions of flight {unknown}
 f - 2 potions of haste {unknown}
 p - a potion of mutation {unknown}
 u - 2 potions of might
 v - a potion of curing
 w - 3 potions of magic {unknown}
 z - a potion of berserk rage {unknown}
 B - 3 potions of cancellation {unknown}
 F - a potion of lignification {unknown}
 G - a potion of brilliance {unknown}


   Skills:
 + Level 9.1 Fighting
 * Level 10.2 Axes
 + Level 9.1 Armour
 + Level 9.1 Shields


You had 10 spell levels left.
You didn't know any spells.
Your spell library contained the following spells:

 Spells                   Type           Power      Damage    Failure   Level
 Apportation              Tloc           0%         N/A       99%         1
 Magic Dart               Conj           0%         1d3       99%         1
 Necrotise                Necr           0%         1d4       99%         1
 Summon Small Mammal      Summ           0%         N/A       99%         1
 Call Imp                 Summ           0%         N/A       100%        2
 Mephitic Cloud           Conj/Pois/Air  0%         N/A       100%        3
 Ozocubu's Armour         Ice            0%         N/A       100%        3
 Cause Fear               Hex            0%         N/A       100%        4
 Passage of Golubria      Tloc           0%         N/A       100%        4
 Metabolic Englaciation   Hex/Ice        0%         N/A       100%        5
 Silence                  Hex/Air        0%         N/A       100%        5
 Simulacrum               Ice/Necr       0%         N/A       100%        6
 Dragon Form              Tmut           0%         N/A       100%        7
 Lehudib's Crystal Spear  Conj/Erth      0%         10d2      100%        8
 Dragon's Call            Summ           0%         N/A       100%        9


Dungeon Overview and Level Annotations

Branches:
Dungeon (11/15)            Temple (0/1) D:7            Lair (0/5) D:11
    Orc: D:9-12

Altars:
Ashenzari
Cheibriados
Dithmenos
Elyvilon
Fedhas
Gozag
Hepliaklqana
Kikubaaqudgha
Okawaru
Qazlal
Ru
Sif Muna
Uskayaw
Vehumet
Wu Jian
Yredelemnul
Zin

Shops:
D:2 [

Portals:
Ice
Cave: D:11

Annotations:
D:6 1 runed translucent door


Innate Abilities, Weirdness & Mutations

Your life essence is reduced to manifest your ancestor. (-10% HP)
You are immune to sickness and miasma.
Your stone body is resilient. (AC +8)
You are immune to poison.
You resist negative energy. (rN+)
You are resistant to electric shocks. (rElec)
You are resistant to unholy torment.
You are immune to petrification.


Message History

You slash the gnoll!
You kill the gnoll!
You closely miss the white imp. You slash the white imp!
You kill the white imp!
You barely miss the acid dragon. You barely miss the white imp.
You completely miss the white imp.
The white imp hits you but does no damage. x2
The acid dragon bites you. You block the acid dragon's attack.
The white imp hits you but does no damage.
The gnoll sergeant hits you but does no damage.
The white imp gestures at you.
The puff of frost hits you but does no damage.
You slash the white imp!
You kill the white imp!
You hit the white imp. You slash the acid dragon!
You hit the white imp but do no damage. You slash the white imp!
You closely miss the white imp. You block the white imp's attack.
The acid dragon spits acid at you. The splash of acid hits you!!
* * * LOW HITPOINT WARNING * * *
The acid corrodes you!
The gnoll sergeant hits you but does no damage.
The white imp gestures at you.
The puff of frost hits you but does no damage.
The white imp barely misses you. x2
You hit the acid dragon but do no damage.
The acid dragon is severely wounded.
You slash the white imp!
You kill the white imp!
You slash the white imp!
You kill the white imp!
You slash the white imp!
You kill the white imp!
You closely miss the white imp. You barely miss the white imp.
The acid dragon closely misses you.
The acid dragon claws you but does no damage.
You block the white imp's attack. The white imp gestures at you.
The puff of frost hits you!
You die...

#......#,,,#.........,******
*#......#,,,#.........,,,,,,*
........#,,,#....####.,,,,,,*
#####...#,,,#....#,,****,,,,*
#...*,,,#...)#,,,,,*,****
*,,,*,,,#....#,,,,,*,*
*,,,*,,,#..g.#,,,,,*,*
*,,,*,,,#..)D##+#,,*,*
*,,,*,,,#...@5..#***,***
*****,,,***+#..5.55.....,,,*
,,,,,,,,,..[............,,,*
****,,,,,.......5.$.....,,,*
,,,*,****#####..........,,,*
,,,*,*,,,,,,,.........##****
,,,*,*,,,,,,....∩.....#
,,,*,*,,,,,...........#
,,,*,********,,,,,,,,,****


You could see an acid dragon (catching breath), a gnoll sergeant and 5 white
imps.

Vanquished Creatures
  The ghost of ZoeForever1 the Martial Artist, a novice DsTm of Wu Jian (D:6)
  A cyclops (D:11)
  An unseen horror (D:10)
  A hornet (D:8)
  4 trolls (D:10)
  Eustachio (D:4)
  A shadow (D:10)
  A wyvern (D:8)
  A wraith (D:9)
  A steam dragon (D:6)
  2 vampire mosquitoes (D:10)
  Duvessa (D:6)
  2 orc warriors
  3 centaurs
  A phantom (D:6)
  Blork the orc (D:4)
  5 bullfrogs
  2 kobold brigands
  A necrophage (D:6)
  A gnoll sergeant (D:9)
  A scorpion (D:5)
  14 wights
  8 killer bees
  A howler monkey (D:6)
  5 hounds
  3 orc priests
  Terence (D:3)
  A hexer (D:11)
  2 iguanas (D:4)
  3 orc wizards
  Robin (D:4)
  7 adders
  8 gnolls
  A shadow imp (D:6)
  8 white imps
  3 worms
  A dart slug (D:1)
  23 orcs
  A bat (D:1)
  7 endoplasms
  A giant cockroach (D:2)
  19 goblins
  8 hobgoblins
  7 jackals
  10 kobolds
  6 quokkas
  8 ball pythons
  5 frilled lizards
  4 rats
199 creatures vanquished.

Vanquished Creatures (collateral kills)
  A cyclops (D:6)
  A hornet (D:10)
  A vampire (D:9)
  A steam dragon (D:8)
  2 vampire mosquitoes (D:10)
  2 ice beasts
  An ogre (D:6)
  A kobold brigand (D:9)
  3 bullfrogs
  2 wights
  Dowan (D:6)
  A gnoll bouda (D:7)
  An orc wizard (D:7)
  4 gnolls
  An adder (D:6)
  2 white imps (D:7)
  4 orcs
  3 kobolds
32 creatures vanquished.

Vanquished Creatures (others)
  An ancestor (D:7)
  An orc wizard (D:6)
  2 fungi (D:11)
  3 plants (D:11)
7 creatures vanquished.

Grand Total: 238 creatures vanquished

Notes
Turn   | Place    | Note
-------+----------+-------------------------------------------
     0 | D:1      | sanboga the Gargoyle Fighter began the quest for the Orb.
     0 | D:1      | Reached XP level 1. HP: 14/14 MP: 1/1
   275 | D:1      | Reached skill level 2 in Axes
   284 | D:1      | Reached XP level 2. HP: 16/19 MP: 2/2
   367 | D:1      | Found a faded altar of an unknown god.
   989 | D:2      | Found an iron altar of Okawaru.
  1059 | D:2      | Identified the +1 pair of boots "Zaoxeh" {Will++}
  1093 | D:2      | Reached XP level 3. HP: 21/23 MP: 3/3
  1127 | D:2      | Found Mocrun's Antique Armour Shop.
  1753 | D:3      | Found a blossoming altar of Fedhas.
  1908 | D:3      | Reached XP level 4. HP: 24/29 MP: 4/4
  2120 | D:3      | Noticed Terence
  2144 | D:3      | Killed Terence
  2145 | D:3      | Reached skill level 3 in Axes
  2756 | D:3      | Found a white marble altar of Elyvilon.
  2828 | D:3      | Reached XP level 5. HP: 30/33 MP: 5/5
  3026 | D:3      | Found a hide-covered altar of Uskayaw.
  3228 | D:3      | Found a hazy altar of Hepliaklqana.
  3385 | D:3      | Became a worshipper of Hepliaklqana the Forgotten
  3409 | D:4      | Noticed Robin
  3448 | D:4      | Killed Robin
  3692 | D:4      | Noticed Blork the orc
  3710 | D:4      | Killed Blork the orc
  3711 | D:4      | Reached XP level 6. HP: 21/39 MP: 6/6
  3857 | D:4      | Noticed Eustachio
  3889 | D:4      | Killed Eustachio
  3890 | D:4      | Reached skill level 4 in Axes
  4098 | D:4      | Reached XP level 7. HP: 44/44 MP: 7/7
  4512 | D:4      | Reached skill level 5 in Armour
  4636 | D:5      | Entered Level 5 of the Dungeon
  4731 | D:5      | Reached skill level 5 in Fighting
  4827 | D:5      | Reached skill level 5 in Axes
  4827 | D:5      | Reached skill level 5 in Shields
  5116 | D:5      | Reached * piety under Hepliaklqana
  5150 | D:5      | Found a shimmering blue altar of Sif Muna.
  5408 | D:6      | Reached XP level 8. HP: 23/44 MP: 8/8
  6021 | D:6      | Found a glowing silver altar of Zin.
  6041 | D:6      | Found a stormy altar of Qazlal.
  6050 | D:6      | Found a runed translucent door.
  6054 | D:6      | Found a shadowy altar of Dithmenos.
  6140 | D:6      | Noticed ZoeForever1's ghost (novice DsTm)
  6224 | D:6      | Found a runed translucent door.
  6262 | D:6      | Noticed a cyclops
  6263 | D:6      | Reached skill level 6 in Axes
  6275 | D:6      | Killed a cyclops
  6302 | D:6      | Reached XP level 9. HP: 42/49 MP: 9/9
  6608 | D:6      | Reached skill level 7 in Axes
  6618 | D:6      | Killed ZoeForever1's ghost
  6695 | D:7      | Noticed Dowan
  6698 | D:7      | Noticed Duvessa
  6777 | D:6      | Killed Duvessa
  6781 | D:6      | Killed Dowan
  6962 | D:7      | Reached skill level 8 in Axes
  7297 | D:7      | Reached XP level 10. HP: 39/56 MP: 10/10
  7485 | D:7      | Found a sacrificial altar of Ru.
  7895 | D:7      | Found a radiant altar of Vehumet.
  7996 | D:7      | Found a staircase to the Ecumenical Temple.
  8325 | D:8      | Reached ** piety under Hepliaklqana
  8326 | D:8      | Remembered your ancestor Epoch as a hexer
  8768 | D:8      | Found an ornate altar of the Wu Jian Council.
  8932 | D:8      | Reached skill level 9 in Axes
  9359 | D:9      | Noticed an eight-headed hydra
  9359 | D:9      | Noticed a cyclops
  9359 | D:9      | a yaktaur changed into a cyclops
  9360 | D:9      | Noticed a skeletal warrior
  9360 | D:9      | Noticed a centaur warrior
  9360 | D:9      | Noticed a deep elf pyromancer
  9360 | D:9      | Noticed a white ugly thing
  9361 | D:9      | Noticed a cyclops
  9392 | D:9      | Found an ancient bone altar of Kikubaaqudgha.
  9449 | D:9      | Found a broken altar of Ashenzari.
  9902 | D:9      | Noticed a two-headed ogre
 10058 | D:9      | Found a snail-covered altar of Cheibriados.
 10144 | D:9      | Found an opulent altar of Gozag.
 10198 | D:10     | Entered Level 10 of the Dungeon
 10247 | D:10     | Killed an unseen horror
 10378 | D:10     | Reached *** piety under Hepliaklqana
 10706 | D:10     | Reached XP level 11. HP: 29/62 MP: 11/11
 10937 | D:10     | Found a basalt altar of Yredelemnul.
 11255 | D:10     | Reached skill level 10 in Axes
 11777 | D:11     | Noticed a manticore
 11800 | D:11     | Noticed a cyclops
 11809 | D:11     | Killed a cyclops
 11816 | D:11     | Reached **** piety under Hepliaklqana
 11821 | D:11     | Found a frozen archway.
 11829 | D:11     | Killed from afar by a white imp

Illustrated notes

Levels and vault maps discovered:
D:1:      dpeg_arrival_round_c, layout_loops_ring,
          hellmonk_ecumenical_altar_zigzags, chequers_hall_statues_corner_a,
          minmay_misc_feat_doors, dreamdust_wishing_well
D:2:      layout_basic, serial_shops, shop, basic_altar
D:3:      layout_loops_corners, fedhas_ov_isle_minmay,
          mainiacjoe_overflow_alcove_4, mainiacjoe_overflow_catwalk_spiral,
          minmay_misc_feat_chi, uniq_terence
D:4:      layout_basic, grunt_decor_fettered, minmay_quantized, uniq_eustachio,
          uniq_blork_the_orc, uniq_robin
D:5:      layout_cave_pools, lemuel_doored_altar
D:6:      nicolae_cairo_tiling_large_dashed, layout_cave_pods, kennysheep_mini,
          mainiacjoe_overflow_large_starburst, ebering_ghost_sewer_f,
          hangedman_minor_gate_pass
D:7:      layout_cave_pools, nicolae_overflow_crystal_walls,
          mainiacjoe_overflow_cross_hatched, minmay_temple_entry_from_below_a,
          serial_glass, glass_columns_b, glass_columns_a, serial_park_tiny_1,
          hangedman_abyss_or_decor_jellyfish_corner, grunt_ministairs_3,
          uniq_duvessa
D:8:      layout_loops_corners, kennysheep_little_box
D:9:      layout_loops_ring, slow_altar_1, general_overflow_altar,
          nicolae_ashenzari_panopticon, mainiacjoe_overflow_alcove_2,
          minivault_12
D:10:     layout_stronghold, amcnicky_altar_gilded
D:11:     layout_irregular_city, grunt_lair_entry_orc_guard_hut,
          gammafunk_ghost_hive, portal_ice_cave_entry_imps

Skill      XL: |  1  2  3  4  5  6  7  8  9 10 11 |
---------------+----------------------------------+-----
Axes           | 2 3 4 5 6 8 9 10 | 10.2
Armour         | 4 5 6 7 8 9 |  9.1
Fighting       | 4 5 6 7 8 9 |  9.1
Shields        | 4 5 6 7 8 9 |  9.1

Action                   |  1- 3 |  4- 6 |  7- 9 | 10-12 || total
-------------------------+-------+-------+-------+-------++-------
Melee: War axe           |   109 |   204 |   244 |   307 ||   864
Invok: Ancestor Identity |       |       |     1 |       ||     1
       Recall Ancestor   |       |       |       |     2 ||     2
       Ancestor Life: He |       |       |       |     1 ||     1
  Use: Potion            |       |     2 |     3 |     2 ||     7
       Scroll            |       |       |       |    11 ||    11
 Stab: Distracted        |       |       |     1 |     4 ||     5
       Confused          |       |       |       |     6 ||     6
Armor: Chain mail        |    69 |   114 |   198 |       ||   381
       Scale mail        |     1 |       |       |       ||     1
       Plate armour      |       |       |       |   300 ||   300
Dodge: Dodged            |    33 |    82 |    78 |   163 ||   356
Block: Buckler           |    19 |    46 |    60 |   106 ||   231
